 Dungeon Crawl Stone Soup version 0.31-a0-210-gccc998df9b (webtiles) character file.

Game seed: 16946298229965172792

209 qw the Chopper (level 5, -2/32 HPs)
             Began as a Gargoyle Fighter on June 29, 2023.
             Slain by Sigmund
             ... wielding a +2 scythe of protection
              (6 damage)
             ... on level 3 of the Dungeon.
             The game lasted 00:01:30 (2455 turns).

qw the Chopper (Gargoyle Fighter)                   Turns: 2455, Time: 00:01:30

Health: -2/32      AC: 14    Str: 22    XL:     5   Next: 87%
Magic:  5/5        EV: 10    Int:  8    God:
Gold:   139        SH:  4    Dex:  9    Spells: 4/4 levels left

rFire   . . .        Y - +0 war axe
rCold   . . .        c - +0 buckler
rNeg    + . .        n - quicksilver dragon scales
rPois   inf          (no helmet)
rElec   +            (no cloak)
rCorr   .            (no gloves)
SInv    .            (no boots)
Will    +....        (no amulet) Stlth
                     (no ring)
HPRegen 0.25/turn    (no ring)
MPRegen 0.09/turn

%: no passive effects
@: no status effects
A: sickness immunity, AC +4, negative energy resistance 1, electricity
resistance, torment resistance 1, petrification resistance
a: no special abilities


You were on level 3 of the Dungeon.
You visited 1 branch of the dungeon, and saw 3 of its levels.

You collected 139 gold pieces.


Innate Abilities, Weirdness & Mutations

You are immune to sickness and miasma.
Your stone body is resilient. (AC +4)
You are immune to poison.
You resist negative energy. (rN+)
You are resistant to electric shocks. (rElec)
You are resistant to unholy torment.
You are immune to petrification.


   Skills:
 + Level 3.2 Fighting
 - Level 5.2 Axes
 - Level 3.2 Armour
 - Level 1.0 Dodging
 - Level 3.2 Shields


You had 4 spell levels left.
You didn't know any spells.
Your spell library was empty.

Inventory:

Hand Weapons
 i - a +0 mace
 Y - a +0 war axe (weapon)
Armour
 c - a +0 buckler (worn)
 m - the +0 ring mail of Agoraphobia {Harm rCorr Str-3 Slay+3}
   (You found it on level 2 of the Dungeon)

   Str:       It affects your strength (-3).
   Slay:      It affects your accuracy & damage with ranged weapons and melee
   (+3).
   rCorr:     It protects you from acid and corrosion.
   Harm:      It increases damage dealt and taken.
 n - quicksilver dragon scales (worn)
Scrolls
 a - a scroll of identify
Potions
 b - a potion of curing {unknown}
 d - a potion of might
 e - a potion of resistance
 f - a potion of brilliance {unknown}
 h - 3 potions of heal wounds
 j - a potion of mutation {unknown}
 k - a potion of enlightenment

Dungeon Overview and Level Annotations

Branches:
Dungeon (3/15)

Altars:

Annotations:
D:3 Sigmund


Message History

Sigmund the Dreaded comes into view.
He is wielding a +2 scythe of protection and wearing a +2 robe of willpower.
Enter note:
Enter note:
2439 ||| Stepping ~*~*~tactically~*~*~ (hiding).
2440 ||| Stepping ~*~*~tactically~*~*~ (hiding).
Things that are here:
a +0 mace; a +0 ring mail
2441 ||| Stepping ~*~*~tactically~*~*~ (hiding).
Things that are here:
a +0 dagger; a +0 robe; a +0 hand axe
Things that are here:
a +0 mace; a +0 ring mail Sigmund casts a spell.
Sigmund flickers and vanishes!
Deactivating autopickup; reactivate with Ctrl-A.
You swing at nothing.
Something hits you but does no damage.
You swing at nothing.
Something hits you.
You swing at nothing.
Something hits you!
You swing at nothing.
Something hits you but does no damage.
You swing at nothing.
A magic dart appears from out of thin air!
The magic dart hits you.
You swing at nothing.
Something hits you but does no damage.
You swing at nothing.
Something hits you but does no damage.
You swing at nothing.
Something hits you!
You swing at nothing.
You swing at nothing.
Something hits you!
You swing at nothing.
Something hits you but does no damage.
You swing at nothing.
Something hits you.
You die...

#.# #.#
################.#
..............##.#
#############.##.#
#.#....# #######'####)#
##...........)#
#...........%@#
##.............#
#.............{.......
##..........(.........
#.........#...........
####.#########...####.#.
.....# ..#.. ..
...#....# ..#### .
...#.#.## ###


There were no monsters in sight!

Vanquished Creatures
  An orc priest (D:3)
  An orc wizard (D:3)
  5 adders
  A gnoll (D:1)
  A worm (D:2)
  A dart slug (D:1)
  6 orcs (D:3)
  5 bats
  7 endoplasms
  5 giant cockroaches
  7 goblins
  8 hobgoblins
  7 quokkas
  3 ball pythons
  8 frilled lizards
  14 kobolds
  5 rats
85 creatures vanquished.

Notes
Turn   | Place    | Note
-------+----------+-------------------------------------------
     0 | D:1      | qw the Gargoyle Fighter began the quest for the Orb.
     0 | D:1      | Reached XP level 1. HP: 14/14 MP: 1/1
     0 | D:1      | 0 ||| qw: Version: 0.3-a-24-ga2abf7b
     0 | D:1      | 0 ||| qw: Game counter: 6838
     0 | D:1      | 0 ||| qw: Melee chars always use a shield: true
     0 | D:1      | 0 ||| qw: God list: Okawaru
     0 | D:1      | 0 ||| qw: Allow faded altars: false
     0 | D:1      | 0 ||| qw: Do Orc after clearing Dungeon:15 true
     0 | D:1      | 0 ||| qw: Do second Lair branch before Depths: true
     0 | D:1      | 0 ||| qw: Lair rune preference: random
     0 | D:1      | 0 ||| qw: Goals: Normal, Zot:1-4, Slime:5, God:TSO, Crypt,
                  | Tomb, Abyss, Pan, Hells, Win
     0 | D:1      | 0 ||| PLANNING D:1-11
    53 | D:1      | Reached skill level 2 in Axes
    92 | D:1      | 92 ||| Stepping ~*~*~tactically~*~*~ (stealth).
    93 | D:1      | 93 ||| Stepping ~*~*~tactically~*~*~ (stealth).
    94 | D:1      | 94 ||| Stepping ~*~*~tactically~*~*~ (stealth).
   105 | D:1      | Reached XP level 2. HP: 17/19 MP: 2/2
   208 | D:1      | 208 ||| DROPPING +0 club.
   354 | D:1      | Reached skill level 3 in Axes
   354 | D:1      | Reached XP level 3. HP: 18/23 MP: 3/3
   354 | D:1      | 354 ||| FLEEEEING.
   355 | D:1      | 355 ||| FLEEEEING.
   356 | D:1      | 356 ||| FLEEEEING.
   358 | D:1      | 358 ||| FLEEEEING.
   359 | D:1      | 359 ||| FLEEEEING.
   360 | D:1      | 360 ||| FLEEEEING.
   361 | D:1      | 361 ||| FLEEEEING.
   362 | D:1      | 362 ||| FLEEEEING.
   364 | D:1      | 364 ||| FLEEEEING.
   490 | D:1      | 490 ||| Stepping ~*~*~tactically~*~*~ (hiding).
   519 | D:1      | 519 ||| DROPPING +0 whip.
   746 | D:1      | 746 ||| READING 3 scrolls labelled BANTY DAWE.
   747 | D:1      | 747 ||| READING scroll labelled MUTOCL HITZIDD.
   750 | D:1      | 750 ||| DRINKING 2 grey potions.
   751 | D:1      | 751 ||| READING 2 scrolls of identify.
   751 | D:1      | 751 ||| IDENTIFYING inky potion
   976 | D:2      | Reached XP level 4. HP: 28/28 MP: 4/4
  1110 | D:2      | Reached skill level 4 in Axes
  1307 | D:2      | Identified the +0 ring mail of Agoraphobia {Harm rCorr
                  | Str-3 Slay+3}
  1587 | D:2      | 1587 ||| Stepping ~*~*~tactically~*~*~ (stealth).
  1816 | D:2      | 1816 ||| UPGRADING to quicksilver dragon scales.
  1826 | D:2      | 1826 ||| DROPPING +0 scale mail.
  1827 | D:2      | 1827 ||| READING scroll labelled CONLUH GING.
  1828 | D:2      | 1828 ||| READING scroll labelled KIMABB BUOCAKK.
  1829 | D:2      | 1829 ||| DRINKING 2 fizzy brown potions.
  1912 | D:3      | 1912 ||| Stepping ~*~*~tactically~*~*~ (stealth).
  1922 | D:3      | Reached XP level 5. HP: 30/32 MP: 5/5
  2120 | D:3      | 2120 ||| Stepping ~*~*~tactically~*~*~ (stealth).
  2171 | D:3      | 2171 ||| Stepping ~*~*~tactically~*~*~ (hiding).
  2172 | D:3      | 2172 ||| Stepping ~*~*~tactically~*~*~ (hiding).
  2312 | D:3      | Reached skill level 5 in Axes
  2330 | D:3      | Reached skill level 1 in Dodging
  2438 | D:3      | Noticed Sigmund
  2439 | D:3      | 2439 ||| Stepping ~*~*~tactically~*~*~ (hiding).
  2440 | D:3      | 2440 ||| Stepping ~*~*~tactically~*~*~ (hiding).
  2441 | D:3      | 2441 ||| Stepping ~*~*~tactically~*~*~ (hiding).
  2453 | D:3      | HP: 4/32 [something (9)]
  2455 | D:3      | Slain by Sigmund

Levels and vault maps discovered:
D:1:      ebering_trefoil_twist, layout_loops_ring, minmay_misc_feat_plants
D:2:      layout_basic, kennysheep_decorative_pillar, minmay_small_reverse_x
D:3:      minmay_razor_zed, layout_basic, chequers_temple_overflow_minitemple,
          lexackson_kobold_supper, uniq_sigmund

Skill      XL: |  1  2  3  4  5 |
---------------+----------------+-----
Axes           | 2 3 4 5 |  5.2
Dodging        | 1 |  1.0
Fighting       | |  3.2
Armour         | |  3.2
Shields        | |  3.2

Action                     |  1- 3 |  4- 6 || total
---------------------------+-------+-------++-------
  Melee: War axe           |    89 |   180 ||   269
  Throw: Boomerang         |       |    25 ||    25
    Use: Scroll            |     3 |     2 ||     5
         Potion            |     1 |     1 ||     2
 Armour: Scale mail        |    26 |    33 ||    59
         Quicksilver drago |       |    65 ||    65
  Dodge: Dodged            |    32 |    99 ||   131
  Block: Buckler           |    14 |    25 ||    39

Table legend:
 A = Non-vault XP
 B = Vault XP
 C = Vault XP percentage of total XP
 D = Non-vault monster count
 E = Vault monster count
 F = Vault count percentage of total count
                 A         B        C        D         E       F
            +---------+---------+-------+---------+---------+-------
      Total |     239 |      60 |  20.1 |      63 |      22 |  25.9
            +---------+---------+-------+---------+---------+-------
        D:1 |      54 |       0 |   0.0 |      22 |       0 |   0.0
        D:2 |      62 |      19 |  23.5 |      22 |       4 |  15.4
        D:3 |     123 |      41 |  25.0 |      19 |      18 |  48.6
            +---------+---------+-------+---------+---------+-------
